Cogmind - Beta 16 --- EXPLORER MODE // 2025.11.25 @ 13:50:29 Player: K.K.Y. Result: Self-destructed Performance ------------- Evolutions (4) 2000 Regions Visited (9) 1800 Robots Destroyed (85) 425 Value Destroyed (2841) 2841 Prototype IDs (25) 500 Alien Tech Used (0) 0 Bonus (1547) 1547 TOTAL SCORE: 9113 Bonus ------- Follower Combat Kills 447 Registered with UFD 300 Met Optimus in HQ 500 Met Imprinter 300 Cogmind --------- Core Integrity 575/850 Matter 76/300 Energy 310/310 System Corruption 0% Temperature Cool (0) Movement Treading (162) Location -6/Zion Parts ------- > --- POWER (2) -------- Fission Core > --- PROPULSION (4) --- Armored Treads Medium Treads Medium Treads Improved Medium Treads > --- UTILITY (8) ------ High-capacity Storage Unit Advanced Hacking Suite Improved Corruption Screen Hacking Drone Bay (0/1) Amulet of Y3-NDR > --- WEAPON (2) ------- Magnetic Acceleration Cannon > --- INVENTORY (20) --- Angular Momentum Engine Angular Momentum Engine Armored Treads Improved Cryofiber Web Advanced Heat Sink High-capacity Storage Unit Cargo Storage Unit Cargo Storage Unit Humpback IFF Parser Advanced Terrain Scanner Improved Core Shielding Improved Light Armor Plating Improved System Restoration Module Improved System Restoration Module Improved System Restoration Module CR-A16's Pointy Stick Peak State ------------ > --- POWER ------------ Heavy Deuterium Engine Fission Core > --- PROPULSION ------- Medium Treads Medium Treads Improved Medium Treads Improved Medium Treads > --- UTILITY ---------- High-capacity Storage Unit Hardened Medium Armor Plating Improved Medium Armor Plating Advanced Hacking Suite Improved Corruption Screen Mapping Drone Bay Hacking Drone Bay Amulet of Y3-NDR > --- WEAPON ----------- Coil Gun Magnetic Acceleration Cannon > --- INVENTORY -------- Angular Momentum Engine Angular Momentum Engine Armored Treads Improved Cryofiber Web Advanced Heat Sink High-capacity Storage Unit Cargo Storage Unit Cargo Storage Unit Humpback IFF Parser Advanced Terrain Scanner Improved Core Shielding Improved Light Armor Plating Improved System Restoration Module Improved System Restoration Module Improved System Restoration Module CR-A16's Pointy Stick [Rating: 87] Favorites ----------- Power Angular Momentum Engine Engine Angular Momentum Engine Power Core Light Nuclear Core Propulsion Spiked Treads Treads Spiked Treads Leg Carbon-fiber Leg Utility High-capacity Storage Unit Device Mapping Drone Bay Storage High-capacity Storage Unit Processor Improved Corruption Screen Hackware Makeshift System Shield Protection Hardened Medium Armor Plating Weapon Heavy Assault Cannon Energy Gun EM Pulse Gun Ballistic Gun Coil Gun Ballistic Cannon Heavy Assault Cannon Special Weapon Mining Laser Build | -11 -10 -10 -10 -9 -9 -6 -6 -6 -6 ------- Run | Yrd Mat Min Sub Rec Scr Fac Low Low Zio Slots Evolved 9 | . 1 . . . . 8 . . . Power 1 | . . . . . . 1 . . . Propulsion 2 | . . . . . . 2 . . . Utility 6 | . 1 . . . . 5 . . . Weapon . | . . . . . . . . . . Parts Attached 63 | 7 1 3 10 1 3 26 2 5 5 Power 10 | 1 . 1 . . 1 6 . . 1 Engine 7 | 1 . . . . 1 5 . . . Core 3 | . . 1 . . . 1 . . 1 Reactor . | . . . . . . . . . . Propulsion 16 | 2 . 2 2 . . 8 . 1 1 Treads 11 | . . . 2 . . 7 . 1 1 Leg 5 | 2 . 2 . . . 1 . . . Wheel . | . . . . . . . . . . Hover . | . . . . . . . . . . Flight . | . . . . . . . . . . Utility 28 | 2 1 . 3 1 2 11 1 4 3 Device 15 | 1 . . 2 . 1 8 1 1 1 Storage 6 | 1 1 . . 1 1 . . . 2 Processor 1 | . . . . . . . . 1 . Hackware 3 | . . . 1 . . 1 . 1 . Protection 3 | . . . . . . 2 . 1 . Artifact . | . . . . . . . . . . Weapon 9 | 2 . . 5 . . 1 1 . . Energy Gun 1 | 1 . . . . . . . . . Energy Cannon . | . . . . . . . . . . Ballistic Gun 5 | 1 . . 3 . . . 1 . . Ballistic Cannon 2 | . . . 1 . . 1 . . . Launcher . | . . . . . . . . . . Special Weapon 1 | . . . 1 . . . . . . Impact Weapon . | . . . . . . . . . . Slashing Weapon . | . . . . . . . . . . Piercing Weapon . | . . . . . . . . . . Special Melee Weapon . | . . . . . . . . . . Unidentified Prototypes 7 | . . . 1 . . 4 . 1 1 Parts Lost 13 | . . . 6 . . 1 . 2 4 Power 2 | . . . 1 . . . . . 1 Propulsion 3 | . . . 2 . . . . . 1 Utility 4 | . . . 1 . . . . 2 1 Weapon 4 | . . . 2 . . 1 . . 1 Highest Loss Streak 3 | . . . 3 . . 1 . 2 2 To Critical Strikes 2 | . . . . . . . . 1 1 Average Backups 13 | 3 4 10 10 10 13 15 17 16 17 Power 1 | . . . . . . 2 3 3 2 Propulsion . | . . . . . . 1 2 1 1 Utility 9 | 3 4 8 8 8 9 7 12 12 13 Weapon 2 | . . 1 2 2 3 3 . . . Tool/Special . | . . . . . . . . . . Unused Backups 24 | . . . 5 . . 8 . . 11 Power 2 | . . . . . . 1 . . 1 Propulsion 2 | . . . . . . 2 . . . Utility 12 | . . . 3 . . . . . 9 Weapon 8 | . . . 2 . . 5 . . 1 Tool/Special . | . . . . . . . . . . Average Slot Usage (%) 82 | . 87 87 79 75 69 84 93 95 96 Engine 5 | . 12 2 . . 2 10 12 12 6 Core 1 | . . 9 5 . . . . . 4 Treads 19 | . . . 7 25 25 24 25 25 24 Leg 4 | . 25 25 15 . . . . . . Device 17 | . 12 12 15 12 6 26 31 24 17 Storage 9 | . 12 12 12 12 12 6 6 6 6 Hackware 4 | . . . 2 12 9 1 . 2 6 Protection 3 | . . . . . . 6 6 8 10 Energy Gun 1 | . 12 12 . . . . . . . Ballistic Gun 3 | . 12 12 8 . . . 3 6 5 Ballistic Cannon 7 | . . . 4 12 12 7 8 6 6 Peak Build Rating 87 | 7 8 16 23 21 27 80 80 83 87 Average Rating 43 | 3 7 13 18 21 22 68 79 81 82 On Entrance 33 | . 7 7 16 21 21 25 78 80 82 Avg Prop Armor Cover (%) 8 | . . . . . . 8 . . 14 Naked Turns . | . . . . . . . . . . Heaviest Build 102 | 20 30 30 35 53 62 102 101 100 100 Greatest Support 116 | 20 20 30 40 40 40 116 116 116 116 Greatest Overweight (x) 10 | . 1 1 10 1 1 3 . . 3 Average Overweight (x) . | . . . . . 1 . . . . Largest Inventory Capacity 20 | 10 15 15 15 20 20 20 20 20 20 Average Capacity 18 | 5 14 15 15 16 20 20 20 20 20 Most Carried 20 | 5 9 15 15 15 20 20 20 20 20 Average Carried 17 | 3 5 14 14 14 17 18 20 19 19 Final Capacity 20 | 10 15 15 15 20 20 20 20 20 20 Final Carried 20 | 3 9 15 14 15 20 20 20 20 20 Scrap Suit Usage (%) 30 | . . . . . . 95 99 51 . Parts Cannibalized 19 | . . . . . . 12 5 2 . Class Distribution -------------------- 100% | Hacker-Mutant Dominant Class ---------------- Hacker-Mutant | -10/Materials Hacker-Mutant | -10/Mines Hacker-Mutant | -10/Subcaves Hacker-Mutant | -9/Recycling Hacker-Mutant | -9/Scraptown Hacker-Mutant | -6/Factory Hacker-Mutant | -6/Lower Caves Hacker-Mutant | -6/Lower Caves Hacker-Mutant | -6/Zion Resources | -11 -10 -10 -10 -9 -9 -6 -6 -6 -6 ----------- Run | Yrd Mat Min Sub Rec Scr Fac Low Low Zio Matter Collected 2415 | 258 85 44 495 74 30 790 378 125 136 Remotely . | . . . . . . . . . . Salvage Created 2540 | . 291 . 474 14 . 982 451 196 132 Parts 140 | . 24 . 41 . . 38 14 8 15 Haulers Intercepted 5 | . 2 . . . . 3 . . . Recyclers Shooed 1 | . 1 . . . . . . . . Parts Field Recycled . | . . . . . . . . . . Retrieved Matter . | . . . . . . . . . . Parts Self-Destructed . | . . . . . . . . . . Prevented . | . . . . . . . . . . Parts Restored . | . . . . . . . . . . Kills | -11 -10 -10 -10 -9 -9 -6 -6 -6 -6 ------- Run | Yrd Mat Min Sub Rec Scr Fac Low Low Zio Combat Hostiles Destroyed 58 | . 6 . 16 1 . 18 12 4 1 Guns 21 | . 6 . 8 . . . 5 2 . Cannons 36 | . . . 8 1 . 17 7 2 1 AOE 1 | . . . . . . 1 . . . Classes Destroyed 18 | . 4 . 2 1 . 7 1 . 3 Worker 1 | . . . . . . 1 . . . Builder 2 | . 1 . . . . 1 . . . Tunneler 1 | . . . . . . 1 . . . Hauler 5 | . 2 . . . . 3 . . . Recycler 1 | . . . . . . 1 . . . Minesweeper 1 | . . . . . . . 1 . . Turret 2 | . . . 2 . . . . . . Watcher 1 | . . . . . . 1 . . . Swarmer 13 | . 4 . 3 . . 3 3 . . Grunt 17 | . 2 . . . . 5 9 1 . Duelist 1 | . . . . . . 1 . . . Sentry 5 | . . . . 1 . 3 . 1 . Hunter 1 | . . . . . . 1 . . . Programmer 7 | . . . . . . 5 . 2 . Subdweller 13 | . . . 13 . . . . . . Zionite 13 | . . . . . . . . . 13 Tinkerer 1 | . . . . . . . . . 1 Mutant 1 | . . . . . . . . . 1 Best Kill Streak 8 | . 3 . 5 1 . 8 7 3 7 Combat Bots Only 7 | . 2 . 3 1 . 7 7 3 1 Max Kills in Single Turn 2 | . 1 . 1 1 . 2 2 1 1 Gunslinging . | . . . . . . . . . . Exploded 1 | . . . . . . 1 . . . Melee . | . . . . . . . . . . Uniques/NPCs Destroyed 1 | . . . . . . . . . 1 Imprinter (-6/Zion) Combat | -11 -10 -10 -10 -9 -9 -6 -6 -6 -6 -------- Run | Yrd Mat Min Sub Rec Scr Fac Low Low Zio Hostile Shots Fired 513 | . 16 . 87 11 . 160 82 28 129 Missed 158 | . 2 . 27 2 . 46 29 5 47 Hits 355 | . 14 . 60 9 . 114 53 23 82 Melee 48 | . . . . . . 3 . . 45 Projectile 307 | . 14 . 60 9 . 111 53 23 37 Critical Strikes 30 | . 1 . 4 1 . 5 3 4 12 Part Disruptions 4 | . . . . . . . . 1 3 Damage Taken 3617 | . 103 . 853 79 . 653 419 201 1309 Core 475 | . 18 . 175 7 . 26 32 15 202 Absorbed by Shields 519 | . . . . . . 270 164 85 . Redirected to Shielding 1 | . . . . . . 1 . . . Ignored by Resistances 2402 | . 73 . 432 49 . 586 347 171 744 Regen/Repaired (Parts) 139 | . . . . . . 94 33 12 . Core Remaining (%) 60 | 100 . . . . 20 . . . . Volleys Fired 233 | . 21 . 73 8 . 64 24 8 35 Largest 2 | . 2 . 2 1 . 2 2 2 2 Hottest 128 | . 60 . 128 50 . 88 88 74 74 Shots Fired 321 | . 42 . 86 8 . 66 48 16 55 Gun 132 | . 42 . 49 . . . 13 8 20 Cannon 180 | . . . 28 8 . 66 35 8 35 Launcher . | . . . . . . . . . . Special 9 | . . . 9 . . . . . . Kinetic 290 | . 21 . 76 8 . 66 48 16 55 Thermal 9 | . . . 9 . . . . . . Explosive . | . . . . . . . . . . Electromagnetic 22 | . 21 . 1 . . . . . . Robot Hit Streak 48 | . 11 . 48 13 . 38 25 12 20 Robot Miss Streak 3 | . 1 . 1 . . 2 1 1 3 Penetration Max 1 | . . . . . . 1 1 . . Secondary Targets . | . . . . . . . . . . Shots Hit Robots 256 | . 32 . 62 8 . 58 39 13 44 Core Hits 109 | . 15 . 25 1 . 25 20 5 18 Critical Kills 1 | . . . . . . . . . 1 Critical Parts Destroyed 1 | . . . . . . . . 1 . Critical Strikes 17 | . . . 2 4 . 5 2 1 3 Destroy 4 | . . . 2 . . . . 1 1 Blast 13 | . . . . 4 . 5 2 . 2 Melee Attacks . | . . . . . . . . . . Impact . | . . . . . . . . . . Slashing . | . . . . . . . . . . Piercing . | . . . . . . . . . . Sneak Attacks . | . . . . . . . . . . Combat Hostiles . | . . . . . . . . . . Follow-up Attacks . | . . . . . . . . . . Damage Inflicted 8221 | . 409 22 1576 395 . 3074 1172 342 1231 Guns 1871 | . 409 . 597 . . . 329 188 348 Cannons 6067 | . . . 955 395 . 2837 843 154 883 Explosions 204 | . . . . . . 204 . . . Melee . | . . . . . . . . . . Ramming 55 | . . 22 . . . 33 . . . Kinetic 7699 | . 170 . 1552 395 . 2837 1172 342 1231 Thermal 228 | . . . 24 . . 204 . . . Explosive . | . . . . . . . . . . Electromagnetic 239 | . 239 . . . . . . . . Impact . | . . . . . . . . . . Slashing . | . . . . . . . . . . Piercing . | . . . . . . . . . . Highest Corruption 3 | . 1 1 1 . . 3 . . . Average Corruption 1 | . 1 1 1 . . 2 . . . Corruption Purged 4 | . . . 1 . . 3 . . . Corruption Blocked 3 | . . . . . . . . . 3 Effects 34 | . . 5 12 . . 17 . . . Message Errors 8 | . . . 5 . . 3 . . . Matter Fused 12 | . . 2 5 . . 5 . . . Heat Flow Errors 3 | . . . . . . 3 . . . Energy Discharges 3 | . . 1 . . . 2 . . . Data Loss (minor) 6 | . . 2 1 . . 3 . . . Data Loss (major) 1 | . . . 1 . . . . . . Weapon Failures 1 | . . . . . . 1 . . . Overload Shots . | . . . . . . . . . . Overflow Damage 220 | . . . 46 9 . 101 54 . 10 Projectiles 220 | . . . 46 9 . 101 54 . 10 Explosions . | . . . . . . . . . . Melee . | . . . . . . . . . . Knockbacks 36 | . . . 5 . . 10 7 1 13 Impact . | . . . . . . . . . . Kinetic 35 | . . . 5 . . 9 7 1 13 Secondary 1 | . . . . . . 1 . . . Self-Inflicted Damage 29 | . . . . . . 29 . . . Shots 1 | . . . . . . 1 . . . Rammed 1 | . . . . . . 1 . . . Targets Rammed 4 | . . 2 . . . 2 . . . Kicked 2 | . . 2 . . . . . . . Crushed 1 | . . . . . . 1 . . . Highest Temperature 350 | . 45 . 154 27 . 302 350 49 166 Average Temperature 76 | . 21 . 88 10 . 70 179 22 63 Received Heat Transfer 1449 | . 57 . 484 54 . 258 202 60 334 Siege Activations . | . . . . . . . . . . Martial Activations . | . . . . . . . . . . Shielding Activations . | . . . . . . . . . . Robots Disrupted . | . . . . . . . . . . Combat Hostiles . | . . . . . . . . . . Robots Corrupted 2 | . . . . . . 2 . . . Combat Hostiles . | . . . . . . . . . . Parts Fried 6 | . 1 . . . . 5 . . . Impact Corruptions 2 | . . . . . . 2 . . . Robots Melted . | . . . . . . . . . . Combat Hostiles . | . . . . . . . . . . Parts Melted 1 | . . . 1 . . . . . . Heat Transferred 150 | . . . 50 . . 100 . . . Parts Sabotaged . | . . . . . . . . . . Parts Stolen . | . . . . . . . . . . Parts Stripped . | . . . . . . . . . . Power Chain Reactions . | . . . . . . . . . . Alert | -11 -10 -10 -10 -9 -9 -6 -6 -6 -6 ------- Run | Yrd Mat Min Sub Rec Scr Fac Low Low Zio Maximum Alert Level . | . . . . . . . . . . Low Security (%) 100 | 100 100 100 . 100 . 100 . . . Level 1 . | . . . . . . . . . . Level 2 . | . . . . . . . . . . Level 3 . | . . . . . . . . . . Level 4 . | . . . . . . . . . . Level 5 . | . . . . . . . . . . High Security . | . . . . . . . . . . Max Security . | . . . . . . . . . . Peak Influence 136 | . 51 . . 20 . 136 . . . Initial . | . . . . . . . . . . Average 8 | . 19 . . 1 . 14 . . . Influence Increases 1467 | . 180 . 115 86 . 620 270 196 . Destroy 0b10 Robot/C 1060 | . 120 . 100 80 . 360 240 160 . Destroy 0b10 Robot/NC 60 | . 15 . . . . 40 5 . . Destroy Leader 182 | . 34 . . . . 118 10 20 . Allied During Kill 16 | . . . . . . . . 16 . Successful Hack 25 | . 10 . . 5 . 10 . . . Disable Machine 28 | . . . . . . 28 . . . Destroy Structure 36 | . 1 . . 1 . 34 . . . Lose Combat Pursuer 60 | . . . 15 . . 30 15 . . Influence Decreases 1467 | . 180 . 115 86 . 620 270 196 . Time Decay 1406 | . 180 . 95 81 . 610 270 170 . Lost Part 30 | . . . . . . 10 . 20 . Lost Ally 31 | . . . 20 5 . . . 6 . Squads Dispatched 7 | . . 1 . . . 6 . . . Investigation 3 | . . 1 . . . 2 . . . Extermination 4 | . . . . . . 4 . . . Reinforcement . | . . . . . . . . . . Assault . | . . . . . . . . . . Garrison . | . . . . . . . . . . Intercept . | . . . . . . . . . . Searches Triggered . | . . . . . . . . . . Construction Impeded . | . . . . . . . . . . Haulers Reinforced . | . . . . . . . . . . Active Scanning Responses . | . . . . . . . . . . Cargo Convoy Interrupts . | . . . . . . . . . . Stealth | -11 -10 -10 -10 -9 -9 -6 -6 -6 -6 --------- Run | Yrd Mat Min Sub Rec Scr Fac Low Low Zio Distress Signals 3 | . 1 . . . . 2 . . . Communications Jammed . | . . . . . . . . . . Distress Signals . | . . . . . . . . . . Times Spotted 108 | . 12 . 19 4 . 28 13 9 23 Peak Tracking Total 10 | . 3 . 6 1 . 4 7 4 10 Tactical Retreats 4 | . . . 1 . . 1 1 . 1 Traps | -11 -10 -10 -10 -9 -9 -6 -6 -6 -6 ------- Run | Yrd Mat Min Sub Rec Scr Fac Low Low Zio Traps Triggered 11 | . 4 . 3 . . 4 . . . Indirectly . | . . . . . . . . . . Trap Hack Attempts . | . . . . . . . . . . Triggered . | . . . . . . . . . . Disarmed . | . . . . . . . . . . Reprogrammed . | . . . . . . . . . . Reused . | . . . . . . . . . . Traps Extracted . | . . . . . . . . . . Installed . | . . . . . . . . . . Triggered . | . . . . . . . . . . Machines | -11 -10 -10 -10 -9 -9 -6 -6 -6 -6 ---------- Run | Yrd Mat Min Sub Rec Scr Fac Low Low Zio Machines Disabled 13 | . . . 1 . . 7 . 2 3 Max in Single Turn 4 | . . . 1 . . 4 . 1 1 Machines Repaired . | . . . . . . . . . . Machines Dismantled . | . . . . . . . . . . Machines Sabotaged . | . . . . . . . . . . Overloaded Fab Kills . | . . . . . . . . . . Hacking | -11 -10 -10 -10 -9 -9 -6 -6 -6 -6 --------- Run | Yrd Mat Min Sub Rec Scr Fac Low Low Zio Machines Accessed 17 | . 1 1 2 4 4 3 . 2 . Terminals 8 | . 1 . . 4 . 3 . . . Fabricators . | . . . . . . . . . . Repair Stations . | . . . . . . . . . . Recycling Units . | . . . . . . . . . . Scanalyzers . | . . . . . . . . . . Garrison Access . | . . . . . . . . . . Total Hacks 50 | . 1 1 4 15 14 8 . 7 . Successful 40 | . 1 1 4 11 14 2 . 7 . Failed 10 | . . . . 4 . 6 . . . Catastrophic . | . . . . . . . . . . Database Lockouts . | . . . . . . . . . . Manual 17 | . . . . 11 . 6 . . . Terminals 24 | . 1 . . 15 . 8 . . . Fabricators . | . . . . . . . . . . Repair Stations . | . . . . . . . . . . Recycling Units . | . . . . . . . . . . Scanalyzers . | . . . . . . . . . . Garrison Access . | . . . . . . . . . . Terminal Hacks 30 | . 1 1 4 3 14 . . 7 . Record 22 | . . . 3 . 13 . . 6 . Part Schematic 1 | . . . . 1 . . . . . Robot Analysis 1 | . . . . 1 . . . . . Open Door 2 | . . 1 . . . . . 1 . Zone Layout 2 | . 1 . . 1 . . . . . Proto ID Catalog 2 | . . . 1 . 1 . . . . Fabricator Hacks . | . . . . . . . . . . Repair Station Hacks . | . . . . . . . . . . Recycling Unit Hacks . | . . . . . . . . . . Scanalyzer . | . . . . . . . . . . Garrison Access Hacks . | . . . . . . . . . . Unauthorized Hacks 10 | . . . . 8 . 2 . . . Terminals 10 | . . . . 8 . 2 . . . Track 4 | . . . . 4 . . . . . Botnet 6 | . . . . 4 . 2 . . . Fabricators . | . . . . . . . . . . Repair Stations . | . . . . . . . . . . Recycling Units . | . . . . . . . . . . Scanalyzers . | . . . . . . . . . . Garrison Access . | . . . . . . . . . . Data Cores Recovered . | . . . . . . . . . . Used . | . . . . . . . . . . Hacking Detections 5 | . 1 . . 1 . 3 . . . Full Trace Events 3 | . . . . 1 . 2 . . . Feedback Events . | . . . . . . . . . . Feedback Blocked . | . . . . . . . . . . Robot Schematics Acquired 4 | . . . . . . . . . 4 Robots Built . | . . . . . . . . . . Authchips . | . . . . . . . . . . Time . | . . . . . . . . . . Total Robot Build Rating . | . . . . . . . . . . Part Schematics Acquired 16 | . . . . 1 . . . . 15 Parts Built . | . . . . . . . . . . Authchips . | . . . . . . . . . . Time . | . . . . . . . . . . Total Part Build Rating . | . . . . . . . . . . Part Studies Acquired . | . . . . . . . . . . Parts Repaired . | . . . . . . . . . . Time . | . . . . . . . . . . Parts Recycled . | . . . . . . . . . . Recycled Matter . | . . . . . . . . . . Retrieved Matter . | . . . . . . . . . . Retrieved Components . | . . . . . . . . . . Parts Scanalyzed . | . . . . . . . . . . Part Schematics Acquired . | . . . . . . . . . . Parts Damaged . | . . . . . . . . . . Bothacking | -11 -10 -10 -10 -9 -9 -6 -6 -6 -6 ------------ Run | Yrd Mat Min Sub Rec Scr Fac Low Low Zio Used RIF Installer . | . . . . . . . . . . Robots Hacked . | . . . . . . . . . . Non-combat . | . . . . . . . . . . Combat . | . . . . . . . . . . Robot Hacks Applied . | . . . . . . . . . . Relay Couplers Released . | . . . . . . . . . . Fabnet Peak Effective % . | . . . . . . . . . . Robots Rewired . | . . . . . . . . . . Allies Hacked . | . . . . . . . . . . Hacks Repelled 1 | . . . . . . . . 1 . Allies | -11 -10 -10 -10 -9 -9 -6 -6 -6 -6 -------- Run | Yrd Mat Min Sub Rec Scr Fac Low Low Zio Total Allies 9 | . . . 2 . . . . 7 . Largest Group 5 | . . . 1 1 . . . 5 4 Highest-Rated Group 368 | . . . 19 19 . . . 368 324 Highest-Rated Ally 81 | . . . 19 19 . . . 81 81 Total Orders 6 | . . . . . 1 5 . . . EXPLORE 6 | . . . . . 1 5 . . . Ally Attacks 81 | . . . 8 12 . . . 32 29 Total Damage 2271 | . . . 107 182 . . . 824 1158 Kills 21 | . . . . 3 . . . 5 13 Allies Corrupted . | . . . . . . . . . . Allies Melted 1 | . . . . . . . . . 1 Intel | -11 -10 -10 -10 -9 -9 -6 -6 -6 -6 ------- Run | Yrd Mat Min Sub Rec Scr Fac Low Low Zio Active Infowar (turns) 8743 | 3 340 1113 2093 . . 2202 2271 721 . Sensors 5194 | . . . . . . 2202 2271 721 . Terrain 3655 | 3 340 1113 2093 . . 106 . . . Robot Analysis Total 1 | . . . . 1 . . . . . Derelict Logs Recovered 9 | . . 1 2 . . . 3 2 1 Drone Launches 10 | . . . . . 3 4 . . 3 Drone Recoveries 6 | . . . . . . 4 1 . 1 Exploration | -11 -10 -10 -10 -9 -9 -6 -6 -6 -6 ------------- Run | Yrd Mat Min Sub Rec Scr Fac Low Low Zio Turns Passed 16599 | 72 340 1113 2677 999 4341 2205 2271 1417 1164 Spaces Moved 7693 | 54 145 581 1532 536 1262 984 1174 814 611 Core 40 | 11 . . 29 . . . . . . Treads 5822 | . . . 441 536 1262 984 1174 814 611 Legs 1831 | 43 145 581 1062 . . . . . . Wheels . | . . . . . . . . . . Hover . | . . . . . . . . . . Flight . | . . . . . . . . . . Fastest Speed 50 | 50 120 120 120 160 260 160 160 160 160 Average Speed 180 | 105 180 177 158 177 260 173 160 160 163 Slowest Speed 550 | 120 190 190 550 260 260 400 160 160 400 Overloaded Moves . | . . . . . . . . . . Propulsion Burnouts . | . . . . . . . . . . Robots Hopped 1 | . . . . . . . . . 1 Potential Cave-ins . | . . . . . . . . . . Cave-ins Triggered . | . . . . . . . . . . Exploration Rate (%) 69 | 4 43 92 87 99 92 25 96 86 66 Regions Visited 9 Branch Regions 7 Pre-discovered Areas 7 | . . . 3 . 1 . 1 2 . Known Exits Taken 9 | 1 1 1 1 1 1 1 1 1 . Unknown Exits Taken . | . . . . . . . . . . Scrap Searched 30 | . . 1 12 . 4 . 8 2 3 Spaces Dug . | . . . . . . . . . . Terrain Destroyed 39 | . . . 2 . . 30 5 . 2 Melee . | . . . . . . . . . . Projectile 17 | . . . 2 . . 8 5 . 2 AOE 22 | . . . . . . 22 . . . Terrain Rammed . | . . . . . . . . . . Walls Destroyed . | . . . . . . . . . . Machines Disabled . | . . . . . . . . . . Actions | -11 -10 -10 -10 -9 -9 -6 -6 -6 -6 --------- Run | Yrd Mat Min Sub Rec Scr Fac Low Low Zio Total 10019 | 68 182 662 1667 573 2323 1397 1518 912 717 Wait 1905 | . 11 67 37 28 1051 252 318 82 59 Move 7682 | 53 144 580 1531 535 1261 983 1173 813 609 Hop 1 | . . . . . . . . . 1 Pick Up 63 | 8 4 7 6 1 6 28 . 2 1 Fast Attach 24 | 2 . . 6 . 2 5 . 3 6 Attach 25 | 5 1 . 1 . 1 16 . 1 . Detach 8 | . 1 . . . 1 6 . . . Swap 27 | . . 3 3 1 . 14 2 1 3 Drop 46 | . . 3 10 . 1 27 . 2 3 Fire 233 | . 21 . 73 8 . 64 24 8 35 Melee . | . . . . . . . . . . Ram . | . . . . . . . . . . Kick 2 | . . 2 . . . . . . . Crush 2 | . . . . . . 2 . . . Escape Stasis . | . . . . . . . . . . Rewire . | . . . . . . . . . . Trap . | . . . . . . . . . . Miscellaneous 1 | . . . . . . . 1 . . Route ------- -11/Scrapyard -10/Materials (discovered 2 exits: *Min x2) -10/Mines (discovered 3 exits: *Mat x2 / *Sub) -10/Subcaves (discovered 2 exits: *Mat / *Rec) -9/Recycling (discovered 2 exits: *Fac / *Scr) -9/Scraptown (discovered 2 exits: *Fac x2) -6/Factory (discovered 3 exits: *Fac x2 / *Low) -6/Lower Caves -6/Lower Caves (discovered 2 exits: *Fac / *Zio) -6/Zion History --------- Turn | Location | Event 9 | -11/Scrapyard | Identified exit to Materials 9 | -11/Scrapyard | Discovered exit to Materials (range 16) 73 | -11/Scrapyard | Entered Materials 73 | -10/Materials | Evolved 1 slot: Utility x1 145 | -10/Materials | Identified exit to Mines 145 | -10/Materials | Discovered exit to Mines (range 16) 218 | -10/Materials | Discovered exit to Mines (range 10) 303 | -10/Materials | Build established: Hacker-Mutant 413 | -10/Materials | Entered Mines 445 | -10/Mines | Met a Derelict shopkeep closing up shop 478 | -10/Mines | Met a Derelict bent on vengeance 654 | -10/Mines | Identified exit to Materials 654 | -10/Mines | Discovered exit to Materials (range 15) 662 | -10/Mines | Found a Scrap Suit stashed away for nefarious purposes 668 | -10/Mines | Found Scrap Suit 869 | -10/Mines | Identified exit to Subcaves 869 | -10/Mines | Discovered exit to Subcaves (range 6) 972 | -10/Mines | Found a damaged Exp. Sensor Array with a note attached 975 | -10/Mines | Found Prototype Device 1028 | -10/Mines | Learned 2 Materials zone layouts 1394 | -10/Mines | Discovered exit to Materials (range 8) 1526 | -10/Mines | Entered Subcaves 1558 | -10/Subcaves | Visited Clippyterm 1561 | -10/Subcaves | Learned location of Deep Caves (-6) 1810 | -10/Subcaves | Visited 4L-MR0's lab 2332 | -10/Subcaves | A swath of the cavern ceiling suddenly collapsed 2871 | -10/Subcaves | Learned location of Zion (-6) 3117 | -10/Subcaves | Core integrity fell below 50% 3159 | -10/Subcaves | Lost 3 parts (1n1u1w) 3423 | -10/Subcaves | Identified exit to Materials 3423 | -10/Subcaves | Discovered exit to Materials (range 3) 3432 | -10/Subcaves | Shifting Twisted Machinery released Sub. Optics 3610 | -10/Subcaves | Visited triangular shrine 3620 | -10/Subcaves | Found Prototype Device 3620 | -10/Subcaves | Identified V3-11A's Pendant 3625 | -10/Subcaves | Befriended Subdweller 3704 | -10/Subcaves | Identified exit to Recycling 3704 | -10/Subcaves | Discovered exit to Recycling (range 14) 3726 | -10/Subcaves | Approached by friendly Subdweller 4203 | -10/Subcaves | Entered Recycling 4203 | -9/Recycling | Accompanied by 1 ally 4611 | -9/Recycling | Scanned before Scraplab entrance 4800 | -9/Recycling | Identified exit to Factory 4800 | -9/Recycling | Discovered exit to Factory (range 16) 5176 | -9/Recycling | Entered Scraplab 5197 | -9/Recycling | Identified exit to Scraptown 5197 | -9/Recycling | Discovered exit to Scraptown (range 3) 5202 | -9/Recycling | Entered Scraptown 5306 | -9/Scraptown | Learned location of Extension (-4) 5332 | -9/Scraptown | Delivered V3-11A's Pendant to T0-NE2 in exchange for information 5799 | -9/Scraptown | Visited Symbiants 5877 | -9/Scraptown | Visited Awakened 6360 | -9/Scraptown | Visited Cave Peace 6381 | -9/Scraptown | Visited Red Mages 6633 | -9/Scraptown | Visited Fellowship of the Rings 6662 | -9/Scraptown | Visited Comm Corps 6696 | -9/Scraptown | Visited SPCMW 6813 | -9/Scraptown | Visited UFD Registry 6813 | -9/Scraptown | Registered with UFD as "Gausschaser" 6893 | -9/Scraptown | Visited Scrapoid Research Area 6995 | -9/Scraptown | Visited Cartography Club 7246 | -9/Scraptown | Identified exit to Factory 7246 | -9/Scraptown | Discovered exit to Factory (range 17) 7710 | -9/Scraptown | Discovered exit to Factory (range 88) 7977 | -9/Scraptown | Visited Junk Repository 8119 | -9/Scraptown | Visited Abandonware Association 8267 | -9/Scraptown | Learned abandonware demo "REBOOT5.EXE" 8538 | -9/Scraptown | Visited Science Testing Area 8590 | -9/Scraptown | Visited DA-N13 Charitable Foundation 8618 | -9/Scraptown | Found DCF Scrap (29 items) 8731 | -9/Scraptown | Visited Science Guys 9405 | -9/Scraptown | Met Optimus 9405 | -9/Scraptown | Accepted into 0bPrime 9543 | -9/Scraptown | Entered Factory 9543 | -6/Factory | Accompanied by 3 allies 9543 | -6/Factory | Evolved 8 slots: Power x1, Propulsion x2, Utility x5 9546 | -6/Factory | Identified Exp. Sensor Array 9828 | -6/Factory | Identified exit to Lower Caves 9828 | -6/Factory | Discovered exit to Lower Caves (range 24) 9830 | -6/Factory | Identified exit to Factory 9830 | -6/Factory | Discovered exit to Factory (range 26) 9888 | -6/Factory | Destroyed 7 combat bots 10962 | -6/Factory | Discovered exit to Factory (range 16) 11748 | -6/Factory | Entered Lower Caves 11748 | -6/Lower Caves | Accompanied by 2 allies 12197 | -6/Lower Caves | Learned Factory terminal intel 12512 | -6/Lower Caves | Learned 12 Factory zone layouts 12634 | -6/Lower Caves | Identified exit to Lower Caves 12634 | -6/Lower Caves | Discovered exit to Lower Caves (range 12) 12677 | -6/Lower Caves | Attracted the attention of an 0b10 base 12734 | -6/Lower Caves | Destroyed 7 combat bots 13311 | -6/Lower Caves | Activated DRS Beacon 14019 | -6/Lower Caves | Entered another Lower Caves area 14036 | -6/Lower Caves | Encountered a Warlord checkpoint 14149 | -6/Lower Caves | Prototype Device suddenly appears! 14157 | -6/Lower Caves | Found Prototype Device 14158 | -6/Lower Caves | Identified Amulet of Y3-NDR 14174 | -6/Lower Caves | Joined by bewildered Wizard 14174 | -6/Lower Caves | Joined by bewildered Wizard 14180 | -6/Lower Caves | Joined by bewildered Wizard 14201 | -6/Lower Caves | Learned Factory non-interactive machine intel 14293 | -6/Lower Caves | Joined by bewildered Wizard 14468 | -6/Lower Caves | Discovered exit to Factory (range 11) 14714 | -6/Lower Caves | P-60 Hacker assimilated allied Y-64 Sentinel 14824 | -6/Lower Caves | Learned Armory emergency access door positions 14825 | -6/Lower Caves | Joined by bewildered Wizard 14826 | -6/Lower Caves | Joined by bewildered Wizard 15412 | -6/Lower Caves | Identified exit to Zion 15412 | -6/Lower Caves | Discovered exit to Zion (range 15) 15436 | -6/Lower Caves | Entered Zion 15436 | -6/Zion | Accompanied by 4 allies 15520 | -6/Zion | Acquired unknown access codes intercepted by a Zionite 15624 | -6/Zion | Found CR-A16's Pointy Stick 15913 | -6/Zion | Learned Factory trap positions 15921 | -6/Zion | Given the Hacking Drone Bay 15921 | -6/Zion | Found Prototype Device 15921 | -6/Zion | Identified Hacking Drone Bay 16166 | -6/Zion | Turned away by Imprinter 16228 | -6/Zion | Attempted to imprint without authorization 16228 | -6/Zion | Attacked by Zionites 16277 | -6/Zion | Lost 4 allies 16600 | -6/Zion | Self-destructed Last Messages --------------- 16578_ Acquired 11 matter. XI-W02(z) bursts out of the Twisted Machinery. 16583_ XI-W02(z) pulls a Mak. Hammer out of the Twisted Machinery. 16583_ XI-W02(z) sneak attacks. 16583_ Hacking Drone suffers critical hit (Smash). 16583_ Hacking Drone destroyed. 16583_ UX-0VK(z) knocked back. 16586_ SV-C85(z) pulls a Mak. Spear out of the Twisted Machinery. 16587_ UX-0VK(z) destroyed. 16591_ SV-C85(z) knocked back. 16592_ V8-81P(z) pulls a Mak. Spear out of the Twisted Machinery. 16598_ C7-C5J(c) destroyed. 16599_ Critical hit (Smash). 16599_ Hvy. Deuterium Engine destroyed. 16599_ Imp. Corruption Screen intercepted 1% system corruption. Map ----- +----------------------------------------------------+ | ?????????????????????????????????????????????????? | | ?????????????????????????????????????????????????? | | ?????????????????????????????????????????????????? | | ?????????????????????????????????????????????????? | | ?????????????????????????????????????????????????? | | ?????????????????????????????????????????????????? | | ?????????????????????????????????????????????????? | | ?????????????????????????????????????????????????? | | ?????????????????????????????????????????????????? | | ?????????????????????????????????????????????????? | | ?????????????????????????????????????????????????? | | ?????????????????????????????????????????????????? | | ?????????????????????????????????????????????????? | | ???????????????????????????? ##"?????????????????? | | ???????????????????????? ?? ""????????????????? | | ????????????????????###" ?????????????????? | | ??????????????????"""""" "" ?????????????????? | | ?????????????????#""" """"" ?????????????????? | | ?????????????????"""" """ ?????????????????? | | ??????????????????" ?????????????????? | | ?????????????????""" """ ?????????????????? | | ?????????????????""" """"?????????????????? | | ?????????????????##""" """"?????????????????? | | ?????????????????#"""" """#?????????????????? | | ??????????#####???#"" """#?????????????????? | | ??????????#"#"###?#""" %z@ """#?????????????????? | | ???????????#""""#?##""" zz #?????????????????? | | ???????????"/=%#####"""= *%"###???????????????? | | ???????????#=/=%"""" %"""""#??????????????? | | ??????????## !*%"""" [z!%% """??????????????? | | ??????????"= /%=%= %% """""???????????? | | ??????????"* !=!! / " ???????????? | | ??????????# =% |""* " " ??????????? | | ???????#"""""""";"" "" "" ???????????? | | ???????##"""""###"" "" """ "#"?????????? | | ???????#"#"#"##?##"" "" """ """?????????? | | ???????#######???##" """ """?????????? | | ?????????????????#"" == "" """"????????? | | ????????????????#""" *%! "" """#????????? | | ????????????????#""" / "" """#????????? | | ????????????????#"" """ "##????????? | | ????????????????##" "" ""#????????? | | ?????????????????#""" ""#????????? | | ?????????????????##""""" ""#????????? | | ??????????????????##"""" ""#????????? | | ???????????????????#"#" "###???????? | | ?????????????????#???#"""""" """#???????? | | ??????#???????#?#????#"""#"""" """""#??????? | | ??????????????##?????##"#"##"""""" """""#??????? | | ?????????###???##?#??#?####"#""""" "###??????? | +----------------------------------------------------+ Best States ------------- Heat Dissipation 56 Energy Generation 31 Energy Capacity 520 Matter Stores 300 Matter Capacity 300 Sight Range 16 Robot Scan Range 20 Terrain Scan Range 20 Terrain Scan Density 10 Corruption Block 14 Armor Coverage 450 Resistance: KI 35 Resistance: TH 35 Resistance: EX 35 Resistance: EM 35 Resistance: I 35 Resistance: S 35 Resistance: P 35 Core Shielding 30 Evasion (%) 55 Recoil Reduction 4 Offensive Hacking 34 Defensive Hacking 11 Item Schematics ----------------- Med. Treads | -9/Recycling | Hacked Imp. Cryofiber Web | -6/Zion | Archive Hyp. Coil Gun | -6/Zion | Archive Lrn. Proton Cannon | -6/Zion | Archive Adv. System Restoration Module | -6/Zion | Archive Lgt. Angular Momentum Engine | -6/Zion | Archive Proton Cannon | -6/Zion | Archive Matter Neutralizer | -6/Zion | Archive Hvy. Gauss Cannon | -6/Zion | Archive Imp. Trap Scanner | -6/Zion | Archive Adv. Shield Generator | -6/Zion | Archive Adv. Melee Analysis Suite | -6/Zion | Archive Variable Charge Gun | -6/Zion | Archive Imp. Target Analyzer | -6/Zion | Archive Imp. Component Analysis Suite | -6/Zion | Archive Power Sword | -6/Zion | Archive Robot Schematics ------------------ G-50 Soldier | -6/Zion | Archive R-06 Scavenger | -6/Zion | Archive A-15 Conveyor | -6/Zion | Archive X-82 Rainmaker | -6/Zion | Archive Fabricated ------------ Nothing Repaired ---------- Nothing Studied --------- None Alien Tech Used ----------------- None Achievements -------------- Rodney's Helpers Challenges ------------ None Game ------ Seed GatlingWeaponsBeam Manual? 0 Play Time 01:01:26 Cumulative 143.5 hours Start 2025.11.25 @ 12:50:06 End 2025.11.25 @ 13:50:29 Sessions 1 Manual Loads 0 Difficulty Explorer Special Mode None Game No. 169 Rogue 0 Adventurer 0 Explorer 169 Win Type - Total 0 Types 0/0/0/0/0/0/0/0/0/0 Lore% 69 Gallery% 66 Achievement% 52 Wizard Run 0 Options --------- Layout 1 ASCII 0 Keyboard 0 Movement Mouse Keybinds 0 Fullscreen 1 Font 24/Smallcaps Map View 50x35 Zoom Use 0% Tactical HUD 1 Map Filters NONE Filters NONE Steam 1 RUN: ba4c2e14-677f-4c2a-b722-f7a576ac8147